 Dungeon Crawl Stone Soup version 0.15.2 (webtiles) character file.

413 Miyamura the Ducker (level 6, -11/46 HPs)
             Began as a Merfolk Ice Elementalist on Dec 11, 2014.
             Was a Follower of Cheibriados.
             Mangled by an ice beast (14 damage)
             ... on Level 4 of the Dungeon.
             The game lasted 00:20:22 (6587 turns).

Miyamura the Ducker (Merfolk Ice Elementalist)      Turns: 6587, Time: 00:20:22

HP -11/46        AC  6     Str 10      XL: 6   Next: 90%
MP  11/13        EV  9     Int 19      God: Cheibriados [*.....]
Gold 236         SH  0     Dex 16      Spells:  3 memorised,  5 levels left

rFire  . . .     SeeInvis .     e - +1 spear
rCold  . . .     Clarity  .     t - +1 ring mail
rNeg   . . .     rCorr    .     (no shield)
rPois  .         rRot     .     (no helmet)
rElec  .         Spirit   .     (no cloak)
SustAb .         Warding  .     (no gloves)
rMut   .         Stasis   .     (no boots)
Gourm  .                        (no amulet)
MR     .....                    (no ring)
                                (no ring)

@: about to teleport, very slow, not resistant to hostile enchantments, very
unstealthy
A: change form in water, swift swim
a: Bend Time, Renounce Religion


You were on level 4 of the Dungeon.
You worshipped Cheibriados.
Cheibriados was aware of your devotion.
You were not hungry.

You visited 2 branches of the dungeon, and saw 5 of its levels.

You collected 236 gold pieces.

Inventory:

Hand weapons
 e - a +1 spear (weapon)
Armour
 t - a +1 ring mail (worn)
Magical devices
 r - a wand of teleportation (0)
Comestibles
 c - 4 bread rations
 h - 4 meat rations
 l - 2 chunks of iguana flesh
Scrolls
 j - 2 scrolls of amnesia
 k - a scroll of remove curse
 s - a scroll of identify
Jewellery
 q - an uncursed ring of see invisible {unknown}
Potions
 a - a potion of might {unknown}
 g - a potion of haste
 i - a potion of invisibility {unknown}
 m - a potion of poison {unknown}
 v - a potion of curing {unknown}
Books
 b - a book of Frost

   Spells                             Type                      Level
   *Freeze                            Ice                          1
   *Throw Frost                       Conjuration/Ice              2
   Ozocubu's Armour                   Charms/Ice                   3
   *Throw Icicle                      Conjuration/Ice              4
   Summon Ice Beast                   Ice/Summoning                4
   Condensation Shield                Ice                          4


   Skills:
 + Level 2.9 Fighting
 + Level 3.7 Polearms
 + Level 5.0 Dodging
 - Level 2.1 Stealth
 + Level 3.6 Spellcasting
 - Level 0.7 Conjurations
 + Level 4.4 Ice Magic


You had 5 spell levels left.
You knew the following spells:

 Your Spells              Type           Power        Failure   Level  Hunger
a - Freeze                Ice            ###.         6%          1    None
b - Throw Frost           Conj/Ice       ##....       17%         2    ##.....
z - Throw Icicle          Conj/Ice       ##......     90%         4    ####...


Dungeon Overview and Level Annotations

Branches:
Dungeon (4/15)             Temple (1/1) D:4

Altars:
Ashenzari
Cheibriados
Dithmenos
Elyvilon
Fedhas
Makhleb
Nemelex Xobeh
Qazlal
Trog
Xom
Yredelemnul
Zin
The Shining One

Shops:
D:4 (

Annotations:
D:4 trelanon's ghost, average DDFi


Message History

You hit the ice beast but do no damage.
The ice beast is lightly wounded.
The ice beast hits you. The ice beast freezes you!
You barely miss the ice beast.
The ice beast is lightly wounded.
The ice beast hits you but does no damage.
You hit the ice beast.
The ice beast is lightly wounded.
The ice beast barely misses you.
You barely miss the ice beast.
The ice beast is lightly wounded.
The ice beast hits you. The ice beast freezes you!
* * * LOW HITPOINT WARNING * * *
Evoke which item? (* to show all) (? for menu, Esc to quit)
Zapping:
r - a wand of teleportation {zapped: 4}
Press: ? - help, Shift-Dir - straight line, f - you You feel strangely unstable.
The ice beast hits you.
* * * LOW HITPOINT WARNING * * *
The ice beast freezes you!
You die...

,******#....##.......#[........((
,,,**........#.......#...........
*,,,,........###.###.#...........
***,,##..Y.......................
*,,*#.........................#
*,,**..........>..............#
*,,**,.........................
*,,*,.........Y................
***,,,,.........@................
*,,,,,,..........................
,,,,,,.........................#.
**,,,.....................W....#.
*,,,............................#
,,,.............................#
,,..............................(
,................................
,...(............................


You could see an ice beast.

Vanquished Creatures
  A hound (D:4)
  2 iguanas (D:4)
  2 orc wizards (D:4)
  2 worker ants (D:4)
  Terence (D:2)
  7 adders
  4 gnolls (D:4)
  2 worms
  A giant gecko (D:3)
  An ooze (D:1)
  11 orcs
  4 giant cockroaches
  5 hobgoblins
  9 jackals
  14 kobolds
  2 quokkas (D:4)
  A ball python (D:1)
  7 bats
  5 giant newts
  9 goblins
  An orc skeleton (D:4)
  10 rats
101 creatures vanquished.

Notes
Turn   | Place    | Note
--------------------------------------------------------------
     0 | D:1      | Miyamura, the Merfolk Ice Elementalist, began the quest for the Orb.
     0 | D:1      | Reached XP level 1. HP: 13/13 MP: 3/3
   344 | D:1      | Reached XP level 2. HP: 14/20 MP: 4/4
   895 | D:1      | Reached skill level 1 in Polearms
  1055 | D:1      | Reached XP level 3. HP: 25/25 MP: 6/6
  1242 | D:1      | Reached skill level 1 in Fighting
  1674 | D:2      | Reached XP level 4. HP: 32/32 MP: 4/7
  1778 | D:2      | Noticed Terence
  1790 | D:2      | Killed Terence
  1838 | D:2      | Learned a level 4 spell: Throw Icicle
  1841 | D:2      | Learned a level 2 spell: Throw Frost
  2337 | D:2      | Reached skill level 4 in Dodging
  2932 | D:3      | Reached XP level 5. HP: 38/38 MP: 4/9
  3561 | D:3      | Noticed a phantom
  4647 | D:4      | Found a staircase to the Ecumenical Temple.
  4680 | Temple   | Entered the Ecumenical Temple
  4915 | Temple   | Became a worshipper of Cheibriados the Contemplative
  5089 | D:4      | Noticed a yak
  5090 | D:4      | Got a pair of warped boots
  5099 | D:4      | Identified the cursed -3 pair of boots "Brovuw" {rPois rC+} (You found it on level 4 of the Dungeon)
  5122 | D:4      | Noticed a yak
  5122 | D:4      | Noticed a yak
  5487 | D:4      | Found Erafef's Antique Weapon Shop.
  5575 | D:4      | Noticed trelanon's ghost (average DDFi)
  5648 | D:4      | Reached XP level 6. HP: 11/46 MP: 0/13
  6332 | D:4      | Found a basalt altar of Yredelemnul.
  6399 | D:4      | Noticed a yak
  6428 | D:4      | Reached skill level 5 in Dodging
  6587 | D:4      | Mangled by an ice beast

Action                   |  1- 3 |  4- 6 || total
-------------------------+-------+-------++-------
Melee: Spear             |    88 |   289 ||   377
       Unarmed           |     1 |       ||     1
 Cast: Freeze            |    17 |    67 ||    84
       Throw Frost       |       |     5 ||     5
Invok: Bend Time         |       |     2 ||     2
Evoke: Wand              |       |     5 ||     5
  Use: Scroll            |       |    15 ||    15
       Potion            |       |     1 ||     1
 Stab: Sleeping          |     5 |     6 ||    11
       Distracted        |     2 |       ||     2
  Eat: Chunk             |     2 |    12 ||    14
       Bread ration      |       |     1 ||     1
